 Dungeon Crawl Stone Soup version 0.15.1-3-g1b33baa (webtiles) character file.

60 CrazyArbalest the Covered (level 4, 0/31 HPs)
             Began as a Halfling Fighter on Oct 7, 2014.
             Killed from afar by an orc wizard (4 damage)
             ... with a magic dart
             ... on Level 3 of the Dungeon.
             The game lasted 00:06:17 (1500 turns).

CrazyArbalest the Covered (Halfling Fighter)        Turns: 1500, Time: 00:06:17

HP   0/31        AC  8     Str 16      XL: 4   Next: 25%
MP   4/4         EV 10     Int  7      God:
Gold 70          SH  6     Dex 14      Spells:  0 memorised,  3 levels left

rFire  . . .     SeeInvis .     a - +0 cutlass
rCold  . . .     Clarity  .     b - +0 scale mail
rNeg   . . .     rCorr    +     c - +0 buckler
rPois  .         rRot     .     (no helmet)
rElec  .         Spirit   .     (no cloak)
SustAb .         Warding  .     (no gloves)
rMut   .         Stasis   .     f - +0 pair of boots
Gourm  .                        y - amulet of resist corrosion
MR     .....                    (no ring)
                                v - cursed ring of loudness

@: not resistant to hostile enchantments, extremely unstealthy
A: mutation resistance 1
a: no special abilities


You were on level 3 of the Dungeon.
You were not hungry.

You visited 1 branch of the dungeon, and saw 3 of its levels.

You collected 70 gold pieces.

Inventory:

Hand weapons
 a - a +0 cutlass (weapon)
Missiles
 h - 63 stones (quivered)
Armour
 b - a +0 scale mail (worn)
 c - a +0 buckler (worn)
 f - a +0 pair of boots (worn)
Magical devices
 z - a wand of magic darts (6)
Comestibles
 d - a bread ration
 n - 2 rotting chunks of goblin flesh
 o - a meat ration
 p - a chunk of bat flesh
 r - 2 rotting chunks of hobgoblin flesh
 w - a chunk of giant gecko flesh
 x - 2 chunks of goblin flesh
Scrolls
 i - a scroll of teleportation {unknown}
 j - a scroll of magic mapping {unknown}
 k - 3 scrolls of remove curse {unknown}
 l - a scroll of random uselessness {unknown}
 q - a scroll of enchant weapon {unknown}
 s - 5 scrolls of identify {unknown}
 t - a scroll of amnesia {unknown}
Jewellery
 v - a cursed ring of loudness (left hand)
 y - an amulet of resist corrosion (around neck)
Potions
 e - a potion of might
 g - 3 potions of heal wounds {unknown}
 m - 2 potions of invisibility {unknown}
Books
 u - a book of Burglary

   Spells                             Type                      Level
   Swiftness                          Charms/Air                   2
   Passwall                           Transmutation/Earth          3
   Passage of Golubria                Translocation                4
   Lee's Rapid Deconstruction         Earth                        5
   Invisibility                       Hexes                        6
   Darkness                           Hexes                        7


   Skills:
 + Level 3.0 Fighting
 + Level 3.2 Short Blades
 + Level 4.0 Armour
 + Level 1.2 Dodging
 + Level 3.8 Shields


You had 3 spell levels left.
You didn't know any spells.

Dungeon Overview and Level Annotations

Branches:
Dungeon (3/15)

Altars:
The Shining One


Innate Abilities, Weirdness & Mutations

You are small and have problems with some larger weapons.
You are somewhat resistant to further mutation.


Message History

The orc wizard hits you with a dagger.
* * * LOW HITPOINT WARNING * * *
Evoke which item? (* to show all) (? for menu, Esc to quit)
Zapping:
z - a wand of magic darts {zapped: 2}
Press: ? - help, Shift-Dir - straight line, f/p - orc wizard
Aim: an orc wizard, wielding a dagger and wearing a robe (severely wounded, fast)
The magic dart hits the orc wizard.
The orc wizard is almost dead.
The orc wizard gestures at you while chanting.
The puff of flame hits you!
* * * LOW HITPOINT WARNING * * *
Evoke which item? (* to show all) (? for menu, Esc to quit)
Zapping:
z - a wand of magic darts {zapped: 3}
Press: ? - help, Shift-Dir - straight line, f/p - orc wizard
Aim: an orc wizard, wielding a dagger and wearing a robe (almost dead, fast)
The magic dart hits the orc wizard.
The orc wizard is almost dead.
The orc wizard casts a spell at you. The magic dart hits you!
You die...

#### ##..#### #......
#....# ####### #....##
#.....####.....###
#.................
#######@.....####.#..###
#.....o#####...##.##....
#.....o# ###.##.##..#.
#......# #..........
#....... ..........#
#......# ..........#
#....... .......#..#
....... ......#...
###... ......####


You could see an orc wizard and an orc.

Vanquished Creatures
  An adder (D:2)
  An ooze (D:2)
  2 orcs (D:3)
  7 bats
  3 giant cockroaches
  7 hobgoblins
  7 jackals (D:1)
  A giant gecko (D:1)
  2 giant newts
  5 goblins
  3 kobolds
  5 rats
44 creatures vanquished.

Notes
Turn   | Place    | Note
--------------------------------------------------------------
     0 | D:1      | CrazyArbalest, the Halfling Fighter, began the quest for the Orb.
     0 | D:1      | Reached XP level 1. HP: 15/15 MP: 1/1
   104 | D:1      | Reached XP level 2. HP: 20/20 MP: 2/2
   300 | D:1      | Found a glowing golden altar of the Shining One.
   430 | D:1      | Reached XP level 3. HP: 23/26 MP: 3/3
   895 | D:2      | Reached skill level 1 in Dodging
  1008 | D:2      | Reached skill level 4 in Armour
  1070 | D:2      | Reached XP level 4. HP: 31/31 MP: 4/4
  1500 | D:3      | Killed from afar by an orc wizard

Action                   |  1- 3 |  4- 6 || total
-------------------------+-------+-------++-------
Melee: Cutlass           |   113 |    40 ||   153
Evoke: Wand              |       |     4 ||     4
  Eat: Chunk             |     1 |     1 ||     2
